 Dungeon Crawl Stone Soup version 0.24-a0-27-gca774cb5d5 (webtiles) character file.

Game seed: 13768773411464798262

2309 Camlann the Grappler (level 9, -12/75 HPs)
             Began as a Demonspawn Fighter on Feb 2, 2019.
             Was a Believer of Okawaru.
             Mangled by an orc warrior
             ... wielding a +0 dire flail
              (14 damage)
             ... on level 7 of the Dungeon.
             The game lasted 00:09:13 (5976 turns).

Camlann the Grappler (Demonspawn Fighter)           Turns: 5976, Time: 00:09:14

Health: -12/75     AC:  6    Str: 17    XL:     9   Next: 18%
Magic:  16/16      EV:  7    Int: 11    God:    Okawaru [**....]
Gold:   452        SH:  0    Dex: 16    Spells: 8/8 levels left

rFire    + . .     SeeInvis .     - Unarmed
rCold    . . .     Gourm    .   b - +0 shield
rNeg     + . .     Faith    .   a - +0 scale mail
rPois    .         Spirit   .   (helmet restricted)
rElec    .         Reflect  .   (no cloak)
rCorr    .         Harm     .   (no gloves)
MR       .....                  (no boots)
Stlth    ..........             (no amulet)
HPRegen  0.22/turn              e - ring of protection from fire
MPRegen  0.15/turn              m - ring of positive energy

@: confused
A: antennae 1, claws 2, hooves 1, clever 1, high mp 1, nightstalker 1, robust 2,
spiny 1
a: Heroism, Renounce Religion


You were on level 7 of the Dungeon.
You worshipped Okawaru.
Okawaru was pleased with you.
You were not hungry.

You visited 2 branches of the dungeon, and saw 8 of its levels.

You collected 452 gold pieces.

Inventory:

Armour
 a - a +0 scale mail (worn)
 b - a +0 shield (worn)
 q - a +0 pair of gloves
Jewellery
 e - a ring of protection from fire (left claw)
 m - a ring of positive energy (right claw)
Wands
 l - a wand of enslavement (7)
Scrolls
 f - 5 scrolls of magic mapping
 h - 4 scrolls of fear
 i - 6 scrolls of teleportation
 r - 3 scrolls of remove curse
 s - a scroll of amnesia
 u - 2 scrolls of blinking
Potions
 c - a potion of might
 g - 2 potions of curing
 j - 2 potions of flight
 k - a potion of agility {unknown}
 n - a potion of lignification
 o - 3 potions of degeneration {unknown}
 t - a potion of resistance
Comestibles
 d - 9 rations
 p - 4 chunks of flesh


   Skills:
 - Level 3.0 Fighting
 - Level 2.6 Armour
 + Level 7.5 Shields
 - Level 9.3 Unarmed Combat
 + Level 7.6 Invocations


You had 8 spell levels left.
You didn't know any spells.
Your spell library was empty.

Dungeon Overview and Level Annotations

Branches:
Dungeon (7/15)             Temple (1/1) D:4

Altars:
Ashenzari
Dithmenos
Fedhas
Gozag
Kikubaaqudgha
Makhleb
Okawaru
Qazlal
Ru
Sif Muna
Trog
Uskayaw
Wu Jian
Xom
Yredelemnul
Zin
The Shining One

Annotations:
D:7 Dowan, Duvessa


Innate Abilities, Weirdness & Mutations

You have a pair of small antennae on your head.
You have very sharp fingernails.
You have large cloven feet.
You are slightly more attuned to the shadows.
You are partially covered in sharp spines.
Your mind is acute. (Int +2)
You have an increased reservoir of magic. (+10% MP)
You are very robust. (+20% HP)


Message History

The orc priest hits you with a +0 hand axe.
* * * LOW HITPOINT WARNING * * *
A bullfrog comes into view.
The orc warrior hits you but does no damage.
Something hits you.
* * * LOW HITPOINT WARNING * * *
The orc warrior is struck by your spines.
The orc warrior closely misses you. The orc is struck by your spines.
You kill the orc!
Okawaru accepts your kill. Duvessa hits you with a +0 rapier.
* * * LOW HITPOINT WARNING * * *
You're too confused to move!
Dowan says, "Magic and the sword, together, will defeat you."
The orc hits you but does no damage. Something hits you but does no damage.
The orc priest is struck by your spines.
The orc priest hits you but does no damage.
The orc warrior is struck by your spines.
The orc warrior hits you with a +0 dire flail!
You die...

#####....##. +#######
........).. ........+
......... ........#
.....o# ..##....#
#.....##.
..##....#######[o{.....
...<.........e.o@o.....
.........#####.{eo.....
........## {##........
..####.## {##.......
..####.# #F......
.......# ........
.......# #.......
.......# ... ########


You could see Duvessa, 2 orc warriors, Dowan, a bullfrog, 2 orc priests and an
orc.

Vanquished Creatures
  2 ice beasts
  A sky beast (D:6)
  An orc warrior (D:6)
  2 ogres
  A phantom (D:4)
  A black bear (D:7)
  A centaur (D:6)
  4 big kobolds (D:3)
  A bullfrog (D:6)
  Blork the orc (D:6)
  2 crimson imps (D:6)
  A centaur zombie (D:6)
  4 hounds
  8 orc wizards
  2 orc priests
  4 iguanas
  Natasha (thrice) (D:2)
  A worker ant (D:4)
  A hound skeleton (D:6)
  A howler monkey skeleton (D:4)
  A howler monkey zombie (D:7)
  7 adders
  6 gnolls
  An ooze (D:3)
  An adder zombie (D:5)
  2 worms
  A dart slug (D:5)
  3 leopard geckos
  34 orcs
  7 ball pythons
  6 bats
  3 giant cockroaches
  44 goblins
  29 hobgoblins
  6 jackals
  5 kobolds
  4 quokkas
  4 frilled lizards
  A leopard gecko zombie (D:5)
  3 rats (D:3)
  A bush (D:6)
211 creatures vanquished.

Vanquished Creatures (others)
  A wizard (D:6)
1 creature vanquished.

Grand Total: 212 creatures vanquished

Notes
Turn   | Place    | Note
-------+----------+-------------------------------------------
     0 | D:1      | Camlann the Demonspawn Fighter began the quest for the Orb.
     0 | D:1      | Reached XP level 1. HP: 18/18 MP: 1/1
   624 | D:1      | Gained mutation: You have large cloven feet. [demonic
                  | ancestry]
   624 | D:1      | Reached XP level 2. HP: 24/24 MP: 2/2
   648 | D:1      | Gained mutation: You have a pair of small antennae on your
                  | head. [potion of mutation]
   648 | D:1      | Gained mutation: You expend magic power (3 MP) to
                  | strengthen your wands. [potion of mutation]
   648 | D:1      | Gained mutation: You evolve. [potion of mutation]
   899 | D:2      | Found an opulent altar of Gozag.
   925 | D:2      | Reached skill level 2 in Unarmed Combat
  1009 | D:2      | Reached skill level 8 in Unarmed Combat
  1009 | D:2      | Gained mutation: You have sharp fingernails. [demonic
                  | ancestry]
  1009 | D:2      | Reached XP level 3. HP: 29/29 MP: 3/3
  1151 | D:2      | Noticed Natasha
  1158 | D:2      | Killed Natasha
  1158 | D:2      | Gained mutation: You are partially covered in sharp spines.
                  | [demonic ancestry]
  1158 | D:2      | Reached XP level 4. HP: 30/35 MP: 4/4
  1201 | D:2      | Noticed Natasha
  1204 | D:2      | Killed Natasha
  1226 | D:2      | Noticed Natasha
  1230 | D:2      | Killed Natasha
  1230 | D:2      | Gained mutation: You have very sharp fingernails. [demonic
                  | ancestry]
  1230 | D:2      | Reached XP level 5. HP: 41/41 MP: 5/5
  2069 | D:3      | Found a blossoming altar of Fedhas.
  2390 | D:3      | Lost mutation: You expend magic power (3 MP) to strengthen
                  | your wands. [potion of mutation]
  2390 | D:3      | Lost mutation: You evolve. [potion of mutation]
  2390 | D:3      | Gained mutation: Your mind is acute. (Int +2) [potion of
                  | mutation]
  2390 | D:3      | Gained mutation: You are robust. (+10% HP) [potion of
                  | mutation]
  2390 | D:3      | Gained mutation: You are very robust. (+20% HP) [potion of
                  | mutation]
  2390 | D:3      | Gained mutation: You have an increased reservoir of magic.
                  | (+10% MP) [potion of mutation]
  2665 | D:3      | Mutation became permanent: You have a pair of small
                  | antennae on your head. [demonic ancestry]
  2665 | D:3      | Gained mutation: You have a pair of small antennae on your
                  | head. [demonic ancestry]
  2665 | D:3      | Reached XP level 6. HP: 41/56 MP: 6/6
  2818 | D:3      | Reached skill level 9 in Unarmed Combat
  2827 | D:3      | Gained mutation: You are slightly more attuned to the
                  | shadows. [demonic ancestry]
  2827 | D:3      | Reached XP level 7. HP: 46/62 MP: 7/7
  2830 | D:3      | Reached skill level 5 in Shields
  3045 | D:4      | Found a staircase to the Ecumenical Temple.
  3050 | Temple   | Entered the Ecumenical Temple
  3244 | Temple   | Became a worshipper of Warmaster Okawaru
  3330 | D:4      | Reached skill level 1 in Invocations
  3976 | D:5      | Entered Level 5 of the Dungeon
  4012 | D:5      | Reached XP level 8. HP: 69/69 MP: 12/12
  4015 | D:5      | Found a stormy altar of Qazlal.
  4075 | D:5      | Got a crystal whip
  4076 | D:5      | Identified the +1 whip of Bloody Death {drain, MR+ Stlth+}
                  | (You found it on level 5 of the Dungeon)
  4280 | D:5      | Reached * piety under Okawaru
  4328 | D:5      | Found a shattered altar of Ashenzari.
  4370 | D:5      | Found an ornate altar of the Wu Jian Council.
  4885 | D:6      | Reached skill level 5 in Invocations
  5109 | D:6      | Found a bloodstained altar of Trog.
  5122 | D:6      | Noticed a wizard
  5128 | D:6      | Killed a wizard
  5191 | D:6      | Found a shadowy altar of Dithmenos.
  5480 | D:6      | Reached ** piety under Okawaru
  5563 | D:6      | Reached XP level 9. HP: 75/75 MP: 15/15
  5619 | D:6      | Noticed Blork the orc
  5627 | D:6      | Killed Blork the orc
  5967 | D:7      | Noticed Duvessa
  5967 | D:7      | Noticed Dowan
  5975 | D:7      | HP: 2/75 [Duvessa/+0 rapier (5)]
  5976 | D:7      | Mangled by an orc warrior

Vault maps used:
D:1:      dpeg_arrival_radiant
D:2:      nicolae_gozag_cash_rules_everything_around_me, uniq_natasha
D:3:      minmay_goblin_kobold_castle, fedhas_altar_1, minmay_snake_closets
D:4:      minmay_temple_entry_grid, first_ration
D:5:      lemuel_round_altar, old_standard_altar, evilmike_ruin_ashenzari
D:6:      nicolae_overflow_crystal_walls, kb_lookout_dungeons_type,
          grunt_decor_fettered, trog_wizard, uniq_blork_the_orc
D:7:      lemuel_round_altar, overflow_temple_1_default, uniq_duvessa,
          uniq_prince_ribbit1
Temple:   minmay_temple_curvy_loop

Skill      XL: |  1  2  3  4  5  6  7  8  9 |
---------------+----------------------------+-----
Shields        | 3 4 5 7 |  7.5
Unarmed Combat | 8 9 |  9.3
Invocations    | 3 6 7 |  7.6
Fighting       | |  3.0
Armour         | |  2.6

Action                   |  1- 3 |  4- 6 |  7- 9 || total
-------------------------+-------+-------+-------++-------
Melee: Unarmed           |   101 |   157 |   229 ||   487
       Kick              |    12 |    30 |    72 ||   114
  Use: Potion            |     5 |     2 |     2 ||     9
       Scroll            |     3 |     5 |     5 ||    13
  Eat: Chunk             |       |     6 |    10 ||    16
Armor: Scale mail        |    44 |    43 |    45 ||   132
Dodge: Dodged            |    26 |    38 |    43 ||   107
Block: Shield            |    58 |    74 |   103 ||   235

Table legend:
 A = Non-vault XP
 B = Vault XP
 C = Vault XP percentage of total XP
 D = Non-vault monster count
 E = Vault monster count
 F = Vault count percentage of total count
                 A         B        C        D         E       F
            +---------+---------+-------+---------+---------+-------
      Total |    2448 |     800 |  24.6 |     132 |      78 |  37.1
            +---------+---------+-------+---------+---------+-------
        D:1 |      18 |       0 |   0.0 |      10 |       0 |   0.0
        D:2 |     120 |      36 |  23.1 |      16 |       1 |   5.9
        D:3 |      53 |     565 |  91.4 |      22 |      75 |  77.3
        D:4 |     573 |       0 |   0.0 |      27 |       0 |   0.0
        D:5 |     421 |       0 |   0.0 |      19 |       0 |   0.0
        D:6 |     908 |     199 |  18.0 |      28 |       2 |   6.7
        D:7 |     355 |       0 |   0.0 |      10 |       0 |   0.0
            +---------+---------+-------+---------+---------+-------
